 Dungeon Crawl Stone Soup version 0.32-a0-42-ga30500b4d3 (webtiles) character file.

Game seed: 7874189313125071814

12670 p00ps00p the Cleaver (level 11, -9/104 HPs)
             Began as a Hill Orc Fighter on Jan 29, 2024.
             Was an Initiate of Gozag.
             Mangled by an orc warlord
             ... wielding a +5 heavy great mace
              (38 damage)
             ... on level 1 of the Orcish Mines.
             The game lasted 00:24:25 (11590 turns).

p00ps00p the Cleaver (Hill Orc Fighter)            Turns: 11590, Time: 00:24:25

Health: -9/104     AC: 27    Str: 27    XL:     11   Next: 97%
Magic:  11/11      EV:  7    Int:  8    God:    Gozag
Gold:   699        SH: 11    Dex:  8    Spells: 10/10 levels left

rFire   . . .        e - +4 hand axe
rCold   + . .        c - +0 buckler
rNeg    . . .        A - +2 plate armour of the End {rElec Regen+ Int+2}
rPois   +            i - +2 helmet "Qywy" {rPois Will- Regen+ Stlth+}
rElec   +            s - +2 cloak {Stlth+}
rCorr   +            (no gloves)
SInv    .            (no boots)
Will    .....        a - amulet "Gefo Qam" {Reflect rElec rC+ Str+3 Int-5 SH+5} Stlth
                     C - +4 ring of protection
HPRegen 1.97/turn    F - ring "Bedun" {Fly rElec rCorr Int+3 Dex-2}
MPRegen 0.12/turn

%: reflection
@: flying
A: no striking features
a: Renounce Religion, Potion Petition, Call Merchant, Bribe Branch


You were on level 1 of the Orcish Mines.
You worshipped Gozag.
Gozag was pleased with you.
You visited 3 branches of the dungeon, and saw 13 of its levels.
You also visited: Ossuary, Bailey and Gauntlet.

You collected 2097 gold pieces.
You spent 561 gold pieces at shops.
You paid 837 gold pieces to Gozag.

Inventory:

Hand Weapons
 e - a +4 hand axe (weapon)
Missiles
 f - 2 throwing nets (quivered)
Armour
 c - a +0 buckler (worn)
 i - the +2 helmet "Qywy" (worn) {rPois Will- Regen+ Stlth+}
   (You found it in a Gauntlet)

   rPois:     It protects you from poison Will-: It decreases your willpower.
   Regen+:    It increases your rate of health regeneration.
   Stlth+:    It makes you more stealthy.
 p - a +0 helmet
 s - a +2 cloak of stealth (worn)
 A - the +2 plate armour of the End (worn) {rElec Regen+ Int+2}
   (You found it in a bailey)

   Int+2:     It affects your intelligence (+2).
   rElec:     It insulates you from electricity.
   Regen+:    It increases your rate of health regeneration.
Jewellery
 a - the amulet "Gefo Qam" (around neck) {Reflect rElec rC+ Str+3 Int-5 SH+5}
   (You bought it in a shop on level 8 of the Dungeon)

   [amulet of reflection]

   Reflect:   It reflects blocked missile attacks.
   Str+3:     It affects your strength (+3).
   Int-5:     It affects your intelligence (-5).
   rC+:       It protects you from cold.
   rElec:     It insulates you from electricity.
   SH+5:      It affects your SH (+5).
 C - a +4 ring of protection (left hand)
 F - the ring "Bedun" (right hand) {Fly rElec rCorr Int+3 Dex-2}
   (You found it in an ossuary)

   [ring of flight]

   Int+3:     It affects your intelligence (+3).
   Dex-2:     It affects your dexterity (-2).
   rElec:     It insulates you from electricity.
   Fly:       It grants you flight.
   rCorr:     It protects you from acid and corrosion.
Wands
 d - a wand of flame (11)
 j - a wand of roots (1)
 w - a wand of digging (3)
Scrolls
 g - 5 scrolls of fog
 l - 2 scrolls of immolation
 o - 3 scrolls of poison
 v - 5 scrolls of teleportation
Potions
 h - 3 potions of brilliance
 k - 2 potions of degeneration
 n - 5 potions of curing {unknown}
 q - a potion of invisibility
 u - 2 potions of berserk rage {unknown}
 x - a potion of enlightenment {unknown}
 z - a potion of resistance {unknown}
 B - a potion of magic {unknown}
 D - a potion of mutation
 H - 2 potions of lignification {unknown}
 K - a potion of cancellation {unknown}
 M - a potion of experience {unknown}
Miscellaneous
 b - a lightning rod (inert)


   Skills:
 + Level 11.8 Fighting
 + Level 12.5 Axes
 + Level 10.9 Armour
 + Level 10.9 Shields


You had 10 spell levels left.
You didn't know any spells.
Your spell library contained the following spells:

 Spells                   Type           Power      Damage    Failure   Level
 Foxfire                  Conj/Fire      0%         2x1d4     99%         1
 Call Canine Familiar     Summ           0%         N/A       100%        3
 Dazzling Flash           Conj/Hex       0%         N/A       100%        3
 Sigil of Binding         Hex            0%         N/A       100%        3
 Volatile Blastmotes      Fire/Tloc      0%         2d10      100%        3
 Dimensional Bullseye     Hex/Tloc       0%         N/A       100%        4
 Plasma Beam              Fire/Air       0%         2x1d10    100%        6
 Starburst                Conj/Fire      0%         6d3       100%        6
 Maxwell's Capacitive Co  Air            0%         ∞         100%        8


Dungeon Overview and Level Annotations

Branches:
Dungeon (10/15)            Temple (1/1) D:6             Orc (2/2) D:9
Ossuary (visited)          Bailey (visited)         Gauntlet (visited)
   Lair: D:8-11         Elf: Orc:2

Altars:
Ashenzari
Cheibriados
Dithmenos
Elyvilon
Fedhas
Gozag
Hepliaklqana
Kikubaaqudgha
Makhleb
Nemelex Xobeh
Okawaru
Qazlal
Ru
Sif Muna
Trog
Uskayaw
Vehumet
Wu Jian
Xom
Yredelemnul
Zin
The Shining One

Shops:
D:4 [   D:8 =   Orc:2 ?

Annotations:
D:6 3 runed translucent doors, jlumianski's ghost, novice GnSh
D:10 Snorg


Message History

The warg bites you. x2; The warg bites you!
The smoke demon hits you but does no damage. x3
The hellwing hits you but does no damage.
The hellwing hits you. The warg bites you! The warg bites you!
The warg bites you but does no damage.
The orc high priest prays to Beogh.
The orc sorcerer hits you but does no damage.
An orc knight comes into view.
It is wielding a +1 battleaxe of flaming.
The smoke demon hits you but does no damage. x3
The hellwing hits you.
The hellwing hits you but does no damage.
You can move again.
There is a stone staircase leading up, spattered with blood here.
You block the warg's attack.
The warg bites you but does no damage. x2
The orc warlord roars a battlecry!
The orcs go into a battle-frenzy!
The orc sorcerer closely misses you.
The orc high priest mumbles some strange prayers to Beogh against you.
Beogh smites you!
* * * LOW HITPOINT WARNING * * *
You block the smoke demon's attack.
The smoke demon hits you but does no damage. x2
The warg bites you but does no damage.
The hellwing hits you but does no damage.
The hellwing hits you.
* * * LOW HITPOINT WARNING * * *
The orc high priest threatens, "By the altar or by the axe, you will meet Beogh!"
You fly upwards.
Reactivating autopickup.
There is a stone staircase leading down, spattered with blood here.
Aiming: Thunderbolt
Press: ? - help, Q - select action, (/) - cycle Shift-Dir - straight line, f - orc warlord
Aim: an orc warlord, wielding a +5 heavy great mace and wearing a +2 chain mail of cold resistance The thunderbolt hits the orc warlord!
The orc warlord is lightly wounded.
The lightning rod overheats!
The warg bites you but does no damage. You block the warg's attack.
The orc warlord hits you with a +5 heavy great mace!!!
You die...
Your body crumbles into a pile of gold.

## ####.........###..#.#..#.>.
.## #.........###.#####..... ..#
####.....###....###..... ..##
####......#......#.##.... ...###
##.#.................##.##
.....###......#.......#....######
##...##......####.....##....#.##
...#.###.#....#h[[.............#
....## ####....)@o....#.......##
...## ##....oh#.......#.### ####
##....##......#### .#
#...####....## ## #...# ##...#
##.## ##### ###


You could see an orc warlord, 2 wargs and an orc sorcerer (strong).

Vanquished Creatures
  A minotaur (Gauntlet)
  A hell beast (Gauntlet)
  3 orc knights
  An ugly thing (D:8)
  A deep elf pyromancer (Bailey)
  2 orc sorcerers (Orc:1)
  2 kobold blastminers (Orc:1)
  Jeremiah (D:9)
  A rime drake (Gauntlet)
  A troll (Orc:1)
  4 yaks (D:9)
  2 wyverns
  3 wargs (Orc:1)
  Edmund (D:4)
  4 water moccasins
  A sky beast (D:7)
  4 black bears
  17 orc warriors
  3 ice beasts
  5 ogres
  A centaur (D:9)
  A phantom (D:5)
  A weeping skull (Ossuary)
  A kobold brigand (D:9)
  A bullfrog (D:8)
  A gnoll sergeant (D:9)
  2 scorpions
  2 burial acolytes (Ossuary)
  7 wights
  3 bombardier beetles
  A centaur zombie (Ossuary)
  8 orc priests
  Crazy Yiuf (D:3)
  A jelly (D:6)
  2 human zombies (Ossuary)
  3 hounds
  4 iguanas
  3 sleepcaps
  14 orc wizards
  2 hound zombies (Ossuary)
  2 mummies (Ossuary)
  Robin (D:3)
  4 adders
  13 gnolls
  2 shadow imps
  3 dart slugs
  3 ribbon worms (D:2)
  65 orcs
  5 ball pythons
  4 bats
  5 endoplasms
  4 giant cockroaches
  5 gnoll zombies (Ossuary)
  18 goblins
  7 hobgoblins
  8 jackals
  2 quokkas
  6 frilled lizards
  10 kobolds
  2 orc zombies (Ossuary)
  3 rats
289 creatures vanquished.

Vanquished Creatures (others)
  2 orcs (Orc:2)
2 creatures vanquished.

Grand Total: 291 creatures vanquished

Notes
Turn   | Place    | Note
-------+----------+-------------------------------------------
     0 | D:1      | p00ps00p the Hill Orc Fighter began the quest for the Orb.
     0 | D:1      | Reached XP level 1. HP: 19/19 MP: 1/1
    92 | D:1      | Reached skill level 3 in Axes
    92 | D:1      | Reached XP level 2. HP: 13/27 MP: 2/2
   604 | D:1      | Reached XP level 3. HP: 31/33 MP: 3/3
  1304 | D:2      | Reached XP level 4. HP: 38/40 MP: 4/4
  1765 | D:3      | Found a shadowy altar of Dithmenos.
  1768 | D:3      | Found a hazy altar of Hepliaklqana.
  1774 | D:3      | Found a hide-covered altar of Uskayaw.
  2067 | D:3      | Found a runed translucent door.
  2068 | D:3      | Noticed Crazy Yiuf
  2094 | D:3      | Found a faded altar of an unknown god.
  2110 | D:3      | Noticed Robin
  2124 | D:3      | Killed Robin
  2125 | D:3      | Reached skill level 4 in Axes
  2366 | D:3      | Reached XP level 5. HP: 47/47 MP: 5/5
  2674 | D:3      | Killed Crazy Yiuf
  2813 | D:4      | Noticed a black bear
  2824 | D:4      | Killed a black bear
  2825 | D:4      | Reached skill level 5 in Fighting
  2825 | D:4      | Reached XP level 6. HP: 41/56 MP: 6/6
  2832 | D:4      | Noticed a black bear
  2841 | D:4      | Killed a black bear
  2842 | D:4      | Reached skill level 5 in Axes
  2914 | D:4      | Noticed Edmund
  2924 | D:4      | Killed Edmund
  2925 | D:4      | Reached skill level 5 in Armour
  2925 | D:4      | Reached skill level 5 in Shields
  2925 | D:4      | Reached XP level 7. HP: 39/61 MP: 7/7
  3543 | D:4      | Found Vuckypuxue's Armour Emporium.
  3924 | D:5      | Entered Level 5 of the Dungeon
  3936 | D:5      | Reached skill level 6 in Axes
  4056 | D:5      | Reached XP level 8. HP: 64/71 MP: 8/8
  4429 | D:5      | Found a sand-covered staircase.
  4433 | Ossuary  | Entered an ossuary
  4482 | Ossuary  | Reached skill level 7 in Axes
  4771 | Ossuary  | Identified the ring "Bedun" {Fly rElec rCorr Int+3 Dex-2}
  5516 | D:5      | Found a sacrificial altar of Ru.
  5698 | D:6      | Reached XP level 9. HP: 80/80 MP: 9/9
  5910 | D:6      | Found a staircase to the Ecumenical Temple.
  5920 | Temple   | Entered the Ecumenical Temple
  5942 | Temple   | Became a worshipper of Gozag Ym Sagoz the Greedy
  5984 | D:6      | Identified the +5 long sword "Myuhoof" {protect, rF+ rC-
                  | Str+5}
  6086 | D:6      | Reached skill level 8 in Axes
  6238 | D:6      | Found a runed translucent gate.
  6241 | D:6      | Found a runed translucent gate.
  6241 | D:6      | Found a runed translucent gate.
  6242 | D:6      | Noticed jlumianski's ghost (novice GnSh)
  6569 | D:6      | Found a basalt altar of Yredelemnul.
  6844 | D:7      | Found a shimmering blue altar of Sif Muna.
  6877 | D:7      | Reached skill level 9 in Axes
  7581 | D:8      | Noticed a cyan ugly thing
  7609 | D:8      | Killed a cyan ugly thing
  7610 | D:8      | Reached XP level 10. HP: 61/91 MP: 10/10
  8279 | D:9      | Found a flagged portal.
  8307 | Bailey   | Entered a bailey
  8417 | Bailey   | Reached skill level 10 in Axes
  8431 | Bailey   | Noticed an orc knight
  8432 | Bailey   | Found a large runed translucent door.
  8432 | Bailey   | Found a large runed translucent door.
  8438 | Bailey   | Noticed a deep elf pyromancer
  8448 | Bailey   | Killed an orc knight
  8914 | Bailey   | Identified the +1 war axe of Dim Light {freeze, Dex+4}
  8920 | Bailey   | Identified the +2 plate armour of the End {rElec Regen+
                  | Int+2}
  8932 | Bailey   | Killed a deep elf pyromancer
  8933 | Bailey   | Reached skill level 10 in Fighting
  9072 | D:9      | Noticed Jeremiah
  9096 | D:9      | Killed Jeremiah
  9270 | D:9      | Found a staircase to the Orcish Mines.
  9482 | D:9      | Reached skill level 11 in Axes
  9482 | D:9      | Reached XP level 11. HP: 98/101 MP: 11/11
  9943 | D:8      | Bought the amulet "Gefo Qam" {Reflect rElec rC+ Str+3 Int-5
                  | SH+5} for 561 gold pieces
 10025 | D:10     | Entered Level 10 of the Dungeon
 10025 | D:10     | Noticed Snorg
 10071 | Orc:1    | Entered Level 1 of the Orcish Mines
 10185 | Orc:2    | Entered Level 2 of the Orcish Mines
 10191 | Orc:2    | Noticed an orc knight
 10263 | Orc:2    | Killed an orc knight
 10264 | Orc:2    | Reached skill level 10 in Shields
 10293 | Orc:2    | Found a gate leading to a gauntlet.
 10296 | Orc:2    | Noticed an orc high priest
 10299 | Orc:2    | Noticed an orc sorcerer
 10302 | Gauntlet | Entered a Gauntlet
 10302 | Gauntlet | Found a transporter.
 10302 | Gauntlet | Found a transporter.
 10308 | Gauntlet | Noticed an arcanist
 10327 | Gauntlet | Found a transporter.
 10340 | Gauntlet | Noticed a catoblepas
 10342 | Gauntlet | Found a transporter.
 10360 | Gauntlet | Found a transporter.
 10360 | Gauntlet | Found a transporter.
 10360 | Gauntlet | Found a transporter.
 10363 | Gauntlet | Found a transporter.
 10363 | Gauntlet | Found a transporter.
 10368 | Gauntlet | Noticed a wretched star
 10375 | Gauntlet | Found a transporter.
 10390 | Gauntlet | Noticed a hell beast
 10393 | Gauntlet | Found a transporter.
 10403 | Gauntlet | Found a transporter.
 10406 | Gauntlet | Noticed a catoblepas
 10418 | Gauntlet | Found a transporter.
 10438 | Gauntlet | Found a transporter.
 10604 | Gauntlet | Identified the +2 helmet "Qywy" {rPois Will- Regen+ Stlth+}
 10606 | Gauntlet | Identified the +4 quarterstaff of the Thieving Gods {heavy,
                  | rF+ rCorr Int+2}
 10625 | Gauntlet | Killed a hell beast
 10626 | Gauntlet | Reached skill level 10 in Armour
 10873 | Gauntlet | Noticed a minotaur
 10900 | Gauntlet | Killed a minotaur
 10951 | Orc:2    | Found Ruon's Magic Scroll Shoppe.
 10966 | Orc:2    | Noticed an orc sorcerer
 10968 | Orc:1    | Noticed an orc sorcerer
 10988 | Orc:1    | Killed an orc sorcerer
 11093 | Orc:1    | Noticed an orc knight
 11119 | Orc:1    | Killed an orc knight
 11120 | Orc:1    | Reached skill level 12 in Axes
 11475 | Orc:2    | Noticed an orc high priest
 11477 | Orc:1    | Paralysed by an orc sorcerer for 2 turns
 11484 | Orc:1    | Killed an orc sorcerer
 11498 | Orc:2    | Noticed a sixfirhy
 11556 | Orc:2    | Noticed an orc warlord
 11583 | Orc:2    | Paralysed by an orc sorcerer for 5 turns
 11587 | Orc:2    | Noticed an orc knight
 11590 | Orc:1    | Mangled by an orc warlord

Illustrated notes

Levels and vault maps discovered:
D:1:      minmay_arrival_nine_rooms, layout_basic, st_stairs_4
D:2:      layout_loops_ring, kennysheep_generic_room_11
D:3:      layout_basic, grunt_temple_overflow_open,
          hellmonk_ecumenical_altar_blasted, uniq_robin, uniq_crazy_yiuf_cottage
D:4:      layout_gridville, serial_shops, nicolae_take_the_stairs, serial_bayou,
          serial_bayou_pond_c, serial_bayou_lake_a, serial_bayou_shore_b,
          serial_bayou_lagoon_a, uniq_edmund
D:5:      layout_basic, lemuel_doored_altar, enter_ossuary_5,
          minmay_splitting_lines
D:6:      layout_loops_ring, lemuel_coloured_pillars_altar,
          minmay_temple_entry_mini_moons, ebering_ghost_rock_garden,
          nicolae_tricolors
D:7:      layout_rooms, minmay_ruined_shrine
D:8:      layout_basic, nicolae_elevator_lobby_plus
D:9:      layout_irregular_city, hiddenorc2_lemuel, enter_bailey_3,
          patterned_corridor, uniq_jeremiah
D:10:     layout_roguey, erik_lair_orcish_takeover, bh_circular_ruins,
          uniq_snorg
Temple:   minmay_temple_bridge_d
Orc:1:    layout_diamond_mine, regret_index_minedec_guest_junction
Orc:2:    grunt_orc_cross, layout_caves, serial_shops, shop_scrolls,
          gauntlet_entry_generic, uniq_donald

Skill      XL: |  1  2  3  4  5  6  7  8  9 10 11 |
---------------+----------------------------------+-----
Axes           | 3 4 5 6 7 9 11 12 | 12.5
Fighting       | 4 5 6 7 9 10 11 | 11.8
Shields        | 4 5 7 8 9 10 | 10.9
Armour         | 4 5 6 8 9 10 | 10.9

Action                     |  1- 3 |  4- 6 |  7- 9 | 10-12 || total
---------------------------+-------+-------+-------+-------++-------
  Melee: War axe           |    98 |   104 |   420 |   217 ||   839
         Hand axe          |       |       |       |   264 ||   264
 Invoke: Call Merchant     |       |       |       |     1 ||     1
  Evoke: Wand              |       |       |     3 |     3 ||     6
         Lightning rod     |       |       |       |     5 ||     5
    Use: Scroll            |     7 |     1 |     9 |     4 ||    21
         Potion            |       |     2 |     2 |     7 ||    11
   Stab: Invisible         |       |       |       |    16 ||    16
         Distracted        |       |       |       |     4 ||     4
 Armour: Chain mail        |    71 |     3 |       |       ||    74
         Scale mail        |     2 |       |       |       ||     2
         Plate armour      |       |   133 |   343 |   377 ||   853
  Dodge: Dodged            |    50 |    31 |   108 |    89 ||   278
  Block: Buckler           |    21 |    42 |   149 |   236 ||   448
         Reflection        |       |       |     2 |     6 ||     8

Table legend: (Time is in decaauts)
 A = Elapsed time spent in this place.
 B = Non-inter-level travel time spent in this place.
 C = Inter-level travel time spent in this place.
 D = Time resting spent in this place.
 E = Time spent auto-exploring this place.
 F = Levels seen in this place.
 G = Mean time per level.
                   A        B        C        D        E       F      G
               +--------+--------+--------+--------+--------+-----+--------+
         Total |  11701 |  11231 |    470 |   1086 |   7447 |  16 |  731.3 |
       Dungeon |   8958 |   8529 |    429 |    531 |   6285 |  10 |  895.8 |
        Temple |     41 |     23 |     18 |      0 |      0 |   1 |   41.0 |
  Orcish Mines |    833 |    810 |     23 |     11 |    416 |   2 |  416.5 |
       Ossuary |    572 |    572 |      0 |      0 |    400 |   1 |  572.0 |
        Bailey |    680 |    680 |      0 |    288 |    194 |   1 |  680.0 |
      Gauntlet |    614 |    614 |      0 |    256 |    152 |   1 |  614.0 |
               +--------+--------+--------+--------+--------+-----+--------+

Top non-repeatable levels by time:
     D:3: 1254 daAuts
     D:5: 1194 daAuts
     D:9: 1092 daAuts
     D:1: 1035 daAuts
     D:4: 1024 daAuts
     D:8: 993 daAuts
     D:6: 992 daAuts
     D:2: 748 daAuts
  Bailey: 680 daAuts
   Orc:1: 674 daAuts
     D:7: 622 daAuts
Gauntlet: 614 daAuts
 Ossuary: 572 daAuts
   Orc:2: 158 daAuts
  Temple: 41 daAuts
